 Dungeon Crawl Stone Soup version 0.23.0-3-gf3c87f2 (webtiles) character file.

Game seed: 13665822983918136096

28 Paps the Sneak (level 2, -3/19 HPs)
             Began as a Vampire Enchanter on Feb 23, 2019.
             Killed by divine providence
             ... invoked by an orc priest
              (11 damage)
             ... on level 3 of the Dungeon.
             The game lasted 00:01:58 (891 turns).

Paps the Sneak (Vampire Enchanter)                   Turns: 891, Time: 00:01:59

Health: -3/19      AC:  2    Str:  7    XL:     2   Next: 96%
Magic:  1/5        EV: 13    Int: 17    God:
Gold:   51         SH:  0    Dex: 14    Spells: 2/5 levels left

rFire    . . .     SeeInvis +   a - +1 dagger
rCold    . . .     Gourm    .   (no shield)
rNeg     + . .     Faith    .   b - +0 robe
rPois    .         Spirit   .   (no helmet)
rElec    .         Reflect  .   (no cloak)
rCorr    .         Harm     .   (no gloves)
MR       .....                  (no boots)
Stlth    +++.......             (no amulet)
HPRegen  0.06/turn              (no ring)
MPRegen  0.09/turn              (no ring)

@: no status effects
A: rotting body, fangs 3, see invisible, unbreathing
a: no special abilities


You were on level 3 of the Dungeon.
You were not thirsty.

You visited 1 branch of the dungeon, and saw 3 of its levels.

You collected 51 gold pieces.

Inventory:

Hand Weapons
 a - a +1 dagger (weapon)
Armour
 b - a +0 robe (worn)
Wands
 k - a wand of polymorph (6)
Scrolls
 c - a scroll of magic mapping {unknown}
 e - a scroll of identify {unknown}
 f - 3 scrolls of teleportation {unknown}
 i - a scroll of enchant weapon {unknown}
 j - a scroll of fog {unknown}
Potions
 d - 7 potions of blood
 g - a potion of degeneration {unknown}
 h - a potion of magic {unknown}


   Skills:
 + Level 1.2 Short Blades
 + Level 2.5 Dodging
 * Level 5.4 Stealth
 + Level 2.0 Spellcasting
 * Level 4.9 Hexes


You had 2 spell levels left.
You knew the following spells:

 Your Spells              Type           Power        Failure   Level  Hunger
a - Corona                Hex            ###....      2%          1    #......
b - Ensorcelled Hibernat  Hex/Ice        ##....       11%         2    ###....

Your spell library contained the following spells:

 Spells                   Type           Power        Failure   Level  Hunger
 Confuse                  Hex            ###.....     8%          3    ###....
 Tukima's Dance           Hex            ###.....     8%          3    ###....
 Dazzling Spray           Conj/Hex       ##....       22%         3    ###....


Dungeon Overview and Level Annotations

Branches:
Dungeon (2/15)

Altars:


Innate Abilities, Weirdness & Mutations

Your body is rotting away.
You thrive on raw meat.
You have razor-sharp teeth.
You have supernaturally acute eyesight. (SInv)
You can survive without breathing.


Message History

Aim: an orc, wielding a +0 hand axe (chance to defeat MR: 59%)
The orc resists with significant effort.
The orc priest hits you with a +0 trident!
Ouch! That really hurt!
Casting: Ensorcelled Hibernation (safe; 11% risk of failure)
Confirm with . or Enter, or press ? or * to list all spells.
Aiming: Ensorcelled Hibernation (safe; 11% risk of failure)
Press: ? - help, Shift-Dir - straight line, f - orc priest, p - orc
Aim: an orc priest, wielding a +0 trident (chance to defeat MR: 41%)
The orc priest resists with some effort.
The orc priest hits you but does no damage.
The orc closely misses you.
The orc priest hits you from afar with a +0 trident.
The orc priest begins to cast a cantrip, but forgets the words!
You see here a wand of polymorph (6).
k - a wand of polymorph (6)
The orc priest mumbles some strange prayers to Beogh against you.
Beogh smites you!
Ouch! That really hurt!
You die...

##.#.##....
.......... #
#.........
#.#.........
#..oo#
####o# #.#
#.# #@#
#####<#
+.....#
##.#..###.#
# #......#
#.######
#......#
###....#
#....#


You could see an orc priest and 2 orcs.

Vanquished Creatures
  A worm (D:3)
  5 bats (D:1)
  4 goblins
  3 hobgoblins
  3 jackals (D:2)
  4 kobolds
  A frilled lizard (D:1)
21 creatures vanquished.

Notes
Turn   | Place    | Note
-------+----------+-------------------------------------------
     0 | D:1      | Paps the Vampire Enchanter began the quest for the Orb.
     0 | D:1      | Reached XP level 1. HP: 13/13 MP: 3/3
   240 | D:1      | Reached skill level 5 in Stealth
   240 | D:1      | Reached XP level 2. HP: 19/19 MP: 5/5
   656 | D:2      | Learned a level 2 spell: Ensorcelled Hibernation
   866 | D:2      | You fall through a shaft!
   891 | D:3      | Killed from afar by an orc priest

Skill      XL: |  1 |
---------------+----+-----
Stealth        | 5 |  5.4
Short Blades   | |  1.2
Dodging        | |  2.5
Spellcasting   | |  2.0
Hexes          | |  4.9

Action                   || total
-------------------------++-------
Melee: Dagger            ||    68
       Bite              ||     1
 Cast: Corona            ||     1
       Ensorcelled Hiber ||     6
 Stab: Sleeping          ||     8
Armor: Robe              ||    11
Dodge: Dodged            ||    54
